 Dungeon Crawl Stone Soup version 0.24-a0-586-g8e0e932 (webtiles) character file.

Game seed: 117778545320344635, levelgen mode: deterministic

589408 relicbr the Axe Maniac (level 26, -7/239 HPs)
             Began as a Minotaur Gladiator on Sept 7, 2019.
             Was a High Priest of Okawaru.
             Mangled by an acid blob (35 damage)
             ... on level 5 of the Pits of Slime.
             The game lasted 03:29:37 (62739 turns).

relicbr the Axe Maniac (Minotaur Gladiator)        Turns: 62739, Time: 03:29:38

Health: -7/239     AC:  7    Str: 24    XL:     26   Next: 17%
Magic:  34/40      EV: 30    Int:  4    God:    Okawaru [*****.]
Gold:   416        SH:  0    Dex: 30    Spells: 25/25 levels left

rFire    + . .     SeeInvis +   I - +9 executioner's axe (flame)
rCold    + + .     Gourm    .   (shield currently unavailable)
rNeg     + . .     Faith    +   Y - +0 plate armour of Beogh's Righteous Fury {rC+ MR+ Dex+5}
rPois    +         Spirit   .   p - +1 hat {Int+3}
rElec    .         Reflect  .   n - scarf {repulsion}
rCorr    +         Harm     .   b - +0 pair of gloves of Hairiness {rC+ rN+ Dex+3}
MR       +++..     Rnd*Rage +   l - +2 pair of boots of Kuhuw {SInv}
Stlth    ..........             R - amulet of faith
HPRegen  0.49/turn              v - ring of Xoret {rPois MP+9 Dex+5 Slay-3}
MPRegen  0.27/turn              Q - ring of Salvation {rF+ MR+ rCorr Int-4}

@: heroism, finesse, marked, corroded, berserk cooldown, slowed, repel missiles,
very slow
A: retaliatory headbutt, horns 2, molten scales 1, berserk 1, weak 1
}: 3/15 runes: decaying, serpentine, silver
a: Heroism, Finesse, Renounce Religion


You were on level 5 of the Pits of Slime.
You worshipped Okawaru.
Okawaru was extremely pleased with you.
You were not hungry.

You visited 10 branches of the dungeon, and saw 50 of its levels.
You visited 1 bazaar.
You also visited: Gauntlet, Ice Cave and Volcano.

You collected 6494 gold pieces.
You spent 6078 gold pieces at shops.

Inventory:

Hand Weapons
 I - a +9 executioner's axe of flaming (weapon)
Armour
 b - the +0 pair of gloves of Hairiness (worn) {rC+ rN+ Dex+3}
   (Okawaru gifted it to you on level 13 of the Dungeon)

   It affects your dexterity (+3).
   It protects you from cold.
   It protects you from negative energy.
 l - the +2 pair of boots of Kuhuw (worn) {SInv}
   (You found it on level 10 of the Dungeon)

   It lets you see invisible.
 n - a scarf of repulsion (worn)
 p - a +1 hat of intelligence (worn)
 Y - the +0 plate armour of Beogh's Righteous Fury (worn) {rC+ MR+ Dex+5}
   (You took it off an orc warrior on level 10 of the Dungeon)

   It affects your dexterity (+5).
   It protects you from cold.
   It affects your resistance to hostile enchantments.
Jewellery
 k - the ring of Posmujiu {rElec rF+ MR+ Str+3}
   (You bought it in a shop on level 3 of the Vaults)

   [ring of protection from fire]

   It affects your strength (+3).
   It protects you from fire.
   It insulates you from electricity.
   It affects your resistance to hostile enchantments.
 v - the ring of Xoret (left hand) {rPois MP+9 Dex+5 Slay-3}
   (You acquired it on level 4 of the Snake Pit)

   [ring of magical power]

   It affects your dexterity (+5).
   It affects your accuracy and damage with ranged weapons and melee attacks
   (-3).
   It protects you from poison.
   It affects your magic capacity (+9).
 Q - the ring of Salvation (right hand) {rF+ MR+ rCorr Int-4}
   (You bought it in a shop on level 3 of the Elven Halls)

   [ring of resist corrosion]

   It affects your intelligence (-4).
   It protects you from fire.
   It affects your resistance to hostile enchantments.
   It provides partial protection from all sources of acid and corrosion.
 R - an amulet of faith (around neck)
Wands
 d - a wand of digging (31)
 h - a wand of paralysis (9)
 r - a wand of iceblast (43)
 u - a wand of disintegration (55)
 N - a wand of enslavement (11)
 S - a wand of acid (46)
Scrolls
 i - 18 scrolls of teleportation
 m - 9 scrolls of fear
 x - 13 scrolls of remove curse
 B - 5 scrolls of blinking
 H - 5 scrolls of magic mapping
Potions
 a - 6 potions of resistance
 j - 21 potions of curing
 s - 11 potions of haste
 t - 8 potions of heal wounds
 y - 5 potions of might
 M - 4 potions of agility
Miscellaneous
 W - 2 phantom mirrors
Comestibles
 f - 70 rations


   Skills:
 - Level 20.0(25.0) Fighting
 O Level 27 Axes
   Level 10.3(25.5) Polearms
 - Level 2.0(7.0) Throwing
 * Level 25.4(27) Armour
 - Level 20.1(25.1) Dodging
   Level 15.0(20.0) Shields
 - Level 10.3 Invocations
 - Level 12.0 Evocations


You had 25 spell levels left.
You didn't know any spells.
Your spell library contained the following spells:

 Spells                   Type           Power        Failure   Level  Hunger
 Animate Skeleton         Necr           N/A          89%         1    ##.....
 Apportation              Tloc           #.....       89%         1    ##.....
 Beastly Appendage        Tmut           #.....       89%         1    ##.....
 Confusing Touch          Hex            #.....       89%         1    ##.....
 Corona                   Hex            #......      89%         1    ##.....
 Flame Tongue             Conj/Fire      #....        89%         1    ##.....
 Infusion                 Chrm           #...         89%         1    ##.....
 Magic Dart               Conj           #...         89%         1    ##.....
 Pain                     Necr           #...         89%         1    ##.....
 Sandblast                Erth           #.....       89%         1    ##.....
 Shock                    Conj/Air       #...         89%         1    ##.....
 Sting                    Conj/Pois      #...         89%         1    ##.....
 Summon Small Mammal      Summ           #...         89%         1    ##.....
 Blink                    Tloc           N/A          96%         2    ###....
 Call Imp                 Summ           #.......     96%         2    ###....
 Corpse Rot               Necr           N/A          96%         2    ###....
 Ensorcelled Hibernation  Hex/Ice        #.....       96%         2    ###....
 Poisonous Vapours        Pois/Air       #.....       96%         2    ###....
 Shroud of Golubria       Chrm/Tloc      #.....       96%         2    ###....
 Slow                     Hex            #.......     96%         2    ###....
 Song of Slaying          Chrm           #.......     96%         2    ###....
 Sublimation of Blood     Necr           #.........   96%         2    ###....
 Swiftness                Chrm/Air       #.......     96%         2    ###....
 Throw Flame              Conj/Fire      #.....       96%         2    ###....
 Throw Frost              Conj/Ice       #.....       96%         2    ###....
 Call Canine Familiar     Summ           #.......     99%         3    ####...
 Conjure Flame            Conj/Fire      #.......     99%         3    ####...
 Gell's Gravitas          Tloc           #.........   99%         3    ####...
 Inner Flame              Hex/Fire       #.......     99%         3    ####...
 Lesser Beckoning         Tloc           #.........   99%         3    ####...
 Mephitic Cloud           Conj/Pois/Air  #.......     99%         3    ####...
 Portal Projectile        Hex/Tloc       #.....       99%         3    ####...
 Recall                   Summ/Tloc      N/A          99%         3    ####...
 Regeneration             Chrm/Necr      #.........   99%         3    ####...
 Spectral Weapon          Hex/Chrm       #.......     99%         3    ####...
 Static Discharge         Conj/Air       #.......     99%         3    ####...
 Summon Guardian Golem    Hex/Summ       #.......     99%         3    ####...
 Teleport Other           Tloc           #.......     99%         3    ####...
 Vampiric Draining        Necr           #.........   99%         3    ####...
 Airstrike                Air            #.........   100%        4    #####..
 Animate Dead             Necr           N/A          100%        4    #####..
 Cause Fear               Hex            #.........   100%        4    #####..
 Force Lance              Conj/Tloc      #.......     100%        4    #####..
 Fulminant Prism          Conj/Hex       #.........   100%        4    #####..
 Leda's Liquefaction      Hex/Erth       #.........   100%        4    #####..
 Passage of Golubria      Tloc           N/A          100%        4    #####..
 Petrify                  Tmut/Erth      #.......     100%        4    #####..
 Sticky Flame             Conj/Fire      #.......     100%        4    #####..
 Summon Ice Beast         Ice/Summ       #.......     100%        4    #####..
 Summon Lightning Spire   Summ/Air       #.......     100%        4    #####..
 Throw Icicle             Conj/Ice       #.......     100%        4    #####..
 Agony                    Necr           #.......     100%        5    ######.
 Aura of Abjuration       Summ           #.........   100%        5    ######.
 Bolt of Draining         Conj/Necr      #.........   100%        5    ######.
 Borgnjor's Vile Clutch   Necr/Erth      #.........   100%        5    ######.
 Dispel Undead            Necr           #.......     100%        5    ######.
 Excruciating Wounds      Chrm/Necr      #.........   100%        5    ######.
 Fireball                 Conj/Fire      #.........   100%        5    ######.
 Lightning Bolt           Conj/Air       #.........   100%        5    ######.
 Silence                  Hex/Air        #.........   100%        5    ######.
 Summon Demon             Summ           #.........   100%        5    ######.
 Summon Forest            Summ/Tloc      #.........   100%        5    ######.
 Summon Mana Viper        Hex/Summ       #.......     100%        5    ######.
 Yara's Violent Unravell  Hex/Tmut       #.........   100%        5    ######.
 Bolt of Cold             Conj/Ice       #.........   100%        6    #######
 Bolt of Fire             Conj/Fire      #.........   100%        6    #######
 Conjure Ball Lightning   Conj/Air       #.........   100%        6    #######
 Darkness                 Hex            #.........   100%        6    #######
 Death Channel            Necr           #.........   100%        6    #######
 Deflect Missiles         Chrm/Air       #.........   100%        6    #######
 Dispersal                Tloc           #.........   100%        6    #######
 Freezing Cloud           Conj/Ice/Air   #.........   100%        6    #######
 Invisibility             Hex            #.......     100%        6    #######
 Shadow Creatures         Summ           N/A          100%        6    #######
 Simulacrum               Ice/Necr       #.........   100%        6    #######
 Dragon Form              Tmut           #.........   100%        7    #######
 Haunt                    Necr/Summ      #.........   100%        7    #######
 Orb of Destruction       Conj           #.........   100%        7    #######
 Ring of Flames           Chrm/Fire      #.........   100%        7    #######
 Borgnjor's Revivificati  Necr           #.........   100%        8    #######
 Controlled Blink         Tloc           N/A          100%        8    #######
 Death's Door             Chrm/Necr      #.........   100%        8    #######
 Discord                  Hex            #.........   100%        8    #######
 Disjunction              Tloc           #.........   100%        8    #######
 Infestation              Necr           #.........   100%        8    #######
 Necromutation            Tmut/Necr      #.........   100%        8    #######
 Dragon's Call            Summ           #.........   100%        9    #######


Dungeon Overview and Level Annotations

Branches:
Dungeon (15/15)            Temple (1/1) D:7            Lair (6/6) D:10
  Swamp (4/4) Lair:4        Snake (4/4) Lair:4        Slime (5/5) Lair:5
    Orc (2/2) D:12            Elf (3/3) Orc:2        Vaults (5/5) D:14
  Crypt (0/3) Vaults:3     Depths (5/5) D:15            Zot (0/5) Depths:5
  IceCv (visited)         Volcano (visited)         Gauntlet (visited)

Altars:
Ashenzari
Cheibriados
Dithmenos
Elyvilon
Fedhas
Gozag
Hepliaklqana
Kikubaaqudgha
Makhleb
Nemelex Xobeh
Okawaru
Qazlal
Ru
Sif Muna
Trog
Uskayaw
Vehumet
Wu Jian
Xom
Yredelemnul
Zin
The Shining One
Beogh
Jiyva

Shops:
D:7 [   Orc:2 ((%?   Elf:1 %*[(   Elf:3 =[*}   Vaults:2 (   Vaults:3 =
Vaults:4 (   Vaults:5 ??%?   Depths:4 *}   Depths:5 =}}

Portals:
Hell: Depths:1 Depths:2 Depths:3 Depths:4 Depths:5
Abyss: Depths:2 Depths:3 Depths:4 Depths:5
Pandemonium: Depths:1 Depths:2 Depths:3 Depths:5
Ziggurat: Depths:1
Trove: D:10 (give +3 shadow dragon scales)


Innate Abilities, Weirdness & Mutations

You reflexively headbutt those who attack you in melee.
You have a pair of horns on your head.
You are partially covered in molten scales. (AC +2)
You tend to lose your temper in combat.
You are weak. (Str -2)


Message History

You headbutt the death ooze, but do no damage.
The death ooze misses you. The acid blob spits acid at you.
The splash of acid is repelled.
The acid blob completely misses you. You furiously retaliate!
You headbutt the acid blob, but do no damage.
You can now deal lightning-fast blows.
The death ooze closely misses you. You furiously retaliate!
You headbutt the death ooze, but do no damage.
The death ooze hits you!!
* * * LOW HITPOINT WARNING * * *
The acid blob spits acid at you. The splash of acid hits you. You resist.
* * * LOW HITPOINT WARNING * * *
The acid corrodes you!
You are splashed with acid.
You resist.
* * * LOW HITPOINT WARNING * * *
The acid blob spits acid at you.
The splash of acid is repelled.
The death ooze closely misses you. x2
The acid blob completely misses you. The acid blob hits you!!
You die...

##................ ..#
#.................
####.#####.................
##...#.##..................
.........................##
...........................
.........................##
...............J.........#
...............J@....#..##
...............J<...#####
...................##
..................##
..................#
.................##
................##
................# #...#####


You could see 2 acid blobs and a death ooze.

Vanquished Creatures
  Dissolution (Slime:4)
  the Royal Jelly (Slime:5)
  2 ancient liches (Vaults:5)
  A juggernaut (Depths:4)
  Boris (Vaults:3)
  Sojobo (Vaults:3)
  Margery (Vaults:2)
  Saint Roka (Vaults:4)
  6 golden dragons
  3 liches
  4 tentacled monstrosities
  Jorgrun (Elf:1)
  The ghost of popps the Tortoise, an adept MiBe of Trog (Depths:1)
  A deep elf blademaster (Elf:2)
  4 titans (Vaults:5)
  21 acid blobs
  3 storm dragons
  A deep elf master archer (Elf:3)
  4 sphinxes
  Kirke (Elf:1)
  Agnes (Snake:4)
  6 shadow dragons
  4 thorn hunters
  10 fire giants
  12 tengu reavers
  8 azure jellies
  21 vault wardens
  An iron dragon (Depths:2)
  5 nagarajas (Snake:4)
  Louise (Elf:1)
  14 deep elf sorcerers
  Aizul (Snake:3)
  10 frost giants
  2 draconian scorchers (Depths:5)
  9 deep elf elementalists
  The ghost of zbzbzb the Sorcerer, an adept DECj of Vehumet (Lair:2)
  13 very ugly things
  3 spriggan defenders
  13 ironheart preservers
  3 war gargoyles (Vaults:5)
  2 entropy weavers
  23 stone giants
  2 green draconians (Depths:5)
  A lorocyproca (Depths:5)
  Azrael (D:12)
  14 deep elf annihilators
  5 deep elf demonologists (Elf:3)
  2 black draconians (Depths:5)
  Snorg (D:14)
  3 red draconians
  A minotaur (Gauntlet)
  2 merfolk javelineers
  A yellow draconian (Depths:5)
  A crystal guardian (Vaults:4)
  11 death oozes (Slime:5)
  3 deep elf death magi
  2 blizzard demons
  11 fire dragons
  13 ettins
  A merfolk impaler (Depths:4)
  12 great orbs of eyes
  23 yaktaur captains
  3 deep elf high priests
  3 rakshasas
  19 hydras
  11 naga warriors
  A caustic shrike simulacrum (Depths:1)
  2 hell beasts
  28 vault guards
  16 ice dragons
  2 catoblepae
  3 shambling mangroves
  The ghost of Faseeleg the Thrower, a novice OgHu of Okawaru (D:10)
  A merfolk avatar (Lair:6)
  9 alligators
  2 spriggan air magi
  23 dancing weapons
  2 ghost crabs
  8 centaur warriors
  36 two-headed ogres
  A queen ant (shapeshifter) (Vaults:3)
  19 anacondas
  5 deep troll shamans
  3 death knights
  9 shock serpents
  4 tengu warriors
  4 vampire magi
  13 ogre magi
  5 spriggan berserkers
  A soul eater (Depths:2)
  14 hell knights
  5 orc high priests (Orc:2)
  9 naga sharpshooters
  9 deep troll earth magi
  A sun demon (Depths:2)
  5 lindwurms
  6 spriggans
  7 salamander mystics
  13 deep elf knights
  4 iron trolls
  3 skeletal warriors
  A death drake (Swamp:3)
  A sea snake (shapeshifter) (Vaults:5)
  4 unseen horrors
  21 deep trolls
  2 shadow wraiths (Vaults:4)
  5 wizards
  3 spriggan druids
  6 naga ritualists
  4 glowing orange brains
  3 flayed ghosts
  8 swamp dragons
  A harpy (shapeshifter) (Vaults:5)
  4 spectral hydras (Swamp:3)
  16 ironbrand convokers
  4 phantasmal warriors
  11 deep elf archers
  A harpy (Lair:6)
  10 orc knights
  4 necromancers
  3 wolf spiders
  17 mana vipers
  2 manticores
  54 ugly things
  7 shining eyes
  2 orc sorcerers (Orc:2)
  A faun (shapeshifter) (Depths:4)
  A wolf spider zombie (D:12)
  A stone giant zombie (Vaults:5)
  62 deep elf magi
  12 elephants
  6 cyclopes
  13 salamanders
  8 guardian serpents
  2 rust devils
  Maurice (D:8)
  44 black mambas
  21 vault sentinels
  An ice statue (IceCv)
  A black mamba (shapeshifter) (Vaults:3)
  23 naga magi
  2 molten gargoyles (Volcano)
  3 gargoyles
  A yaktaur zombie (Vaults:5)
  A spiny frog (shapeshifter) (D:11)
  18 spiny frogs
  A torpor snail (shapeshifter) (D:15)
  A rime drake (shapeshifter) (Vaults:5)
  3 human zombies
  73 yaktaurs
  5 swamp worm zombies (Swamp:3)
  4 rime drakes
  16 freezing wraiths
  2 anaconda simulacra (IceCv)
  2 demonic crawlers (D:13)
  3 efreet
  A redback zombie (D:13)
  13 komodo dragons
  A kobold demonologist (D:13)
  8 ice devils
  A red devil (Depths:5)
  2 golden dragon simulacra (IceCv)
  A hellwing (Depths:5)
  A meliai (Lair:2)
  9 trolls
  A meliai (shapeshifter) (Vaults:5)
  A tengu conjurer (Depths:2)
  A queen bee (Lair:2)
  A merfolk (shapeshifter) (Depths:3)
  21 hornets
  7 polar bears
  7 raiju
  7 tyrant leeches
  10 hippogriffs
  2 wind drakes (Lair:6)
  Grinder (D:3)
  2 spectral swamp dragons (Swamp:3)
  An ettin zombie (Vaults:3)
  9 dream sheep
  A stone giant simulacrum (Depths:1)
  A hornet (shapeshifter) (Vaults:1)
  65 slime creatures
  16 blink frogs
  2 large abominations
  A fire giant simulacrum (Depths:1)
  14 bog bodies
  2 alligator zombies (Swamp:3)
  2 air elementals (Elf:3)
  3 centaur simulacra
  2 redbacks (Vaults:5)
  6 water elementals
  5 wraiths
  53 yaks
  2 tyrant leech zombies (Swamp:3)
  2 redbacks (shapeshifter) (Vaults:5)
  5 shadows
  A hog (shapeshifter) (Depths:3)
  4 wyverns
  5 fire bats
  6 golden eyes (Slime:4)
  4 fire elementals
  3 hogs (Elf:1)
  3 hungry ghosts
  2 basilisks
  4 steam dragons
  7 wargs
  3 harpy simulacra (IceCv)
  A death yak simulacrum (IceCv)
  5 vampire mosquitoes
  12 insubstantial wisps
  28 nagas
  A soldier ant (shapeshifter) (Depths:4)
  12 swamp worms
  7 hydra simulacra (IceCv)
  A soldier ant (D:14)
  18 water moccasins
  A floating eye (shapeshifter) (Vaults:3)
  6 acid dragons
  3 hell hounds (D:12)
  6 porcupines
  7 spiny frog zombies (Swamp:3)
  3 floating eyes
  29 orc warriors
  6 black bears
  5 sky beasts
  5 eyes of draining
  An alligator simulacrum (IceCv)
  2 fire dragon simulacra (Depths:1)
  3 ice beasts
  15 swamp drakes
  2 spriggan simulacra
  4 necrophages
  3 ettin simulacra
  39 ogres
  2 phantoms
  22 centaurs
  18 wolves
  An ice dragon simulacrum (Depths:1)
  The ghost of felt the Cudgeler, an amateur DsFi of Makhleb (D:3)
  7 boggarts
  13 crocodiles
  8 big kobolds
  Blork the orc (D:5)
  21 bullfrogs
  2 earth elementals
  5 small abominations (D:13)
  A tengu simulacrum (Depths:1)
  A wyvern zombie (D:7)
  2 gnoll sergeants
  4 scorpions
  2 elephant simulacra (IceCv)
  An elf simulacrum (Vaults:3)
  A troll zombie (Swamp:3)
  A human simulacrum (Vaults:3)
  13 killer bees
  3 electric eels
  9 wights
  A howler monkey (D:6)
  7 crimson imps
  A quasit (D:5)
  2 bullfrog zombies
  3 lava snakes (Volcano)
  A centaur zombie (D:11)
  4 draconian simulacra (IceCv)
  8 hounds
  44 orc priests
  2 centaur skeletons
  6 jellies
  4 bullfrog skeletons
  Ijyb (D:3)
  52 orc wizards
  6 iguanas
  7 hell rats
  15 worker ants
  2 troll simulacra (IceCv)
  A killer bee zombie (D:9)
  A hound zombie (D:7)
  3 hound skeletons
  A mummy (D:7)
  A howler monkey skeleton (D:3)
  10 gnolls
  15 adders
  2 naga simulacra (IceCv)
  6 river rats (Lair:5)
  2 ogre simulacra (IceCv)
  3 shadow imps
  4 white imps (IceCv)
  3 ufetubi (IceCv)
  2 oozes
  An adder zombie (D:7)
  3 worms
  2 dart slugs
  8 leopard geckos
  90 orcs
  5 bats
  7 giant cockroaches
  3 goblins
  5 hobgoblins
  15 jackals
  6 quokkas
  3 ball pythons (Lair:4)
  A ball python skeleton (D:5)
  7 frilled lizards
  A jackal skeleton (D:6)
  A jackal zombie (D:5)
  28 kobolds
  A quokka skeleton (D:5)
  A quokka zombie (D:8)
  9 rats
  14 briar patches
  3 fungi
  3 plants
  2 withered plants (Swamp:3)
2303 creatures vanquished.

Vanquished Creatures (collateral kills)
  3 lindwurms (Lair:4)
  A crocodile (D:10)
  2 lava snakes (Volcano)
  An orc wizard (D:10)
  3 orc priests (Orc:2)
  3 orcs
13 creatures vanquished.

Vanquished Creatures (others)
  A blizzard demon (IceCv)
  A naga warrior (Snake:4)
  A small abomination (Elf:3)
  A yaktaur (Depths:3)
  A spriggan (Swamp:2)
  A swamp drake (Swamp:2)
  An ogre (Orc:2)
  2 boggarts
  2 centaurs
  A killer bee (Lair:2)
  A white imp (IceCv)
  A bush (D:6)
  6 fungi
  12 plants
32 creatures vanquished.

Grand Total: 2348 creatures vanquished

Notes
Turn   | Place    | Note
-------+----------+-------------------------------------------
     0 | D:1      | relicbr the Minotaur Gladiator began the quest for the Orb.
     0 | D:1      | Reached XP level 1. HP: 18/18 MP: 0/0
   170 | D:1      | Reached XP level 2. HP: 25/25 MP: 1/1
   399 | D:1      | Reached skill level 5 in Polearms
   404 | D:1      | Reached XP level 3. HP: 24/30 MP: 2/2
  1462 | D:2      | Noticed an ogre
  1473 | D:2      | Killed an ogre
  1473 | D:2      | Reached XP level 4. HP: 7/37 MP: 3/3
  1473 | D:2      | Reached XP level 5. HP: 8/42 MP: 4/4
  1979 | D:3      | Noticed Grinder
  1985 | D:3      | Paralysed by Grinder for 4 turns
  1985 | D:3      | Noticed Ijyb
  1991 | D:3      | Killed Ijyb
  1992 | D:3      | Killed Grinder
  1992 | D:3      | Reached XP level 6. HP: 50/50 MP: 5/5
  2308 | D:3      | Found a runed translucent gate.
  2309 | D:3      | Found a runed translucent gate.
  2315 | D:3      | Found a runed translucent gate.
  2316 | D:3      | Noticed felt's ghost (amateur DsFi)
  2577 | D:3      | Killed felt's ghost
  2580 | D:3      | Reached XP level 7. HP: 45/56 MP: 6/6
  2849 | D:4      | Reached skill level 10 in Polearms
  3231 | D:4      | Found a shimmering blue altar of Sif Muna.
  3350 | D:4      | Identified Sif Muna's Volume of Moulding
  3356 | D:5      | Entered Level 5 of the Dungeon
  3518 | D:5      | Reached skill level 5 in Fighting
  3639 | D:5      | Reached XP level 8. HP: 61/70 MP: 7/7
  3931 | D:5      | Noticed Blork the orc
  3943 | D:5      | Killed Blork the orc
  4084 | D:6      | Noticed an air elemental
  4086 | D:6      | Found a stormy altar of Qazlal.
  4657 | D:6      | Got a crystal war axe
  4674 | D:6      | Identified the +4 war axe of Success {venom, *Rage Dex+4}
                  | (You found it on level 6 of the Dungeon)
  4697 | D:6      | Found a blossoming altar of Fedhas.
  4717 | D:6      | Reached skill level 10 in Fighting
  4790 | D:6      | Reached skill level 1 in Axes
  4823 | D:6      | Reached skill level 2 in Axes
  4823 | D:6      | Reached XP level 9. HP: 85/85 MP: 4/8
  4951 | D:6      | Reached skill level 3 in Axes
  5022 | D:7      | Found a shimmering altar of Xom.
  5141 | D:7      | Found Dos Kila's Armour Boutique.
  5144 | D:7      | Reached skill level 4 in Axes
  5191 | D:7      | Found a staircase to the Ecumenical Temple.
  5214 | D:7      | Reached skill level 5 in Axes
  5370 | Temple   | Entered the Ecumenical Temple
  5482 | Temple   | Became a worshipper of Warmaster Okawaru
  5708 | D:7      | Reached skill level 6 in Axes
  6252 | D:7      | Reached skill level 7 in Axes
  6518 | D:8      | Reached * piety under Okawaru
  6518 | D:8      | Reached skill level 8 in Axes
  6612 | D:8      | Noticed a two-headed ogre
  6620 | D:8      | Killed a two-headed ogre
  6620 | D:8      | Reached ** piety under Okawaru
  6620 | D:8      | Reached skill level 10 in Axes
  6620 | D:8      | Reached XP level 10. HP: 93/93 MP: 9/9
  6761 | D:8      | Noticed Maurice
  6769 | D:8      | Killed Maurice
  6769 | D:8      | Reached skill level 11 in Axes
  7084 | D:9      | Reached *** piety under Okawaru
  7428 | D:9      | Noticed a two-headed ogre
  7440 | D:9      | Killed a two-headed ogre
  7440 | D:9      | Reached skill level 12 in Axes
  7470 | D:9      | Identified Yzyoween's Handbook of the Sinister Glacier
  7946 | D:10     | Entered Level 10 of the Dungeon
  8004 | D:10     | Reached skill level 13 in Axes
  8108 | D:10     | Noticed a three-headed hydra
  8116 | D:10     | Killed a one-headed hydra
  8116 | D:10     | Reached **** piety under Okawaru
  8116 | D:10     | Reached skill level 14 in Axes
  8119 | D:10     | Reached XP level 11. HP: 94/99 MP: 7/10
  8205 | D:10     | Noticed a skeletal warrior
  8229 | D:10     | Killed a skeletal warrior
  8229 | D:10     | Received a gift from Okawaru
  8278 | D:10     | Noticed a two-headed ogre
  8282 | D:10     | Killed an unseen horror
  8291 | D:10     | Reached skill level 15 in Axes
  8356 | D:10     | Got an ancient battleaxe
  8363 | D:10     | Identified the Compendium of Earthen Flames
  8370 | D:10     | Noticed a two-headed ogre
  8377 | D:10     | Killed a two-headed ogre
  8406 | D:10     | Identified the cursed +2 battleaxe of Iduegod {chaos, rN++
                  | Int-4 SInv} (You found it on level 10 of the Dungeon)
  8442 | D:10     | Found a shimmering blue altar of Sif Muna.
  8496 | D:10     | Killed a two-headed ogre
  8510 | D:10     | Found a blossoming altar of Fedhas.
  8518 | D:10     | Received a gift from Okawaru
  8587 | D:10     | Noticed a white ugly thing
  8598 | D:10     | Killed a white ugly thing
  8598 | D:10     | Reached skill level 5 in Armour
  8633 | D:10     | Reached ***** piety under Okawaru
  8971 | D:10     | Found a staircase to the Lair.
  8996 | D:10     | Found a portal to a secret trove of treasure.
  9121 | D:10     | Noticed a two-headed ogre
  9127 | D:10     | Killed a two-headed ogre
  9127 | D:10     | Received a gift from Okawaru
  9127 | D:10     | Reached skill level 5 in Dodging
  9128 | D:10     | Got a smoking quarterstaff {god gift}
  9380 | D:10     | Found a runed translucent gate.
  9380 | D:10     | Found a runed translucent gate.
  9381 | D:10     | Found a runed translucent gate.
  9381 | D:10     | Noticed Faseeleg's ghost (novice OgHu)
  9384 | D:10     | Identified the +1 flail of Context {drain, *Contam +Rage
                  | rElec rF+}
  9384 | D:10     | Identified the cursed +0 plate armour of Beogh's Righteous
                  | Fury {rC+ MR+ Dex+5}
  9386 | D:10     | Found a roughly hewn altar of Beogh.
  9412 | D:10     | Killed Faseeleg's ghost
  9412 | D:10     | Reached XP level 12. HP: 106/106 MP: 9/11
  9478 | D:10     | Got a pair of warped boots
  9489 | D:10     | Identified the +2 pair of boots of Kuhuw {SInv} (You found
                  | it on level 10 of the Dungeon)
  9583 | D:10     | Noticed a two-headed ogre
  9587 | D:10     | Killed a two-headed ogre
  9700 | Lair:1   | Entered Level 1 of the Lair of Beasts
 10029 | Lair:1   | Reached skill level 10 in Armour
 10121 | Lair:1   | Received a gift from Okawaru
 10131 | Lair:1   | Got an ichor-stained battleaxe {god gift}
 10137 | Lair:1   | Identified the +1 battleaxe of the Trees {antimagic,
                  | *Contam rElec rF++ Dex+4} (Okawaru gifted it to you on
                  | level 1 of the Lair of Beasts)
 10804 | Lair:2   | Noticed a four-headed hydra
 10813 | Lair:2   | Killed a one-headed hydra
 10824 | Lair:2   | Noticed a catoblepas
 10949 | Lair:2   | Killed a catoblepas
 10949 | Lair:2   | Received a gift from Okawaru
 11051 | Lair:2   | Got a distressingly furry scale mail {god gift}
 11095 | Lair:2   | Found a transporter.
 11097 | Lair:2   | Found a transporter.
 11098 | Lair:2   | Noticed zbzbzb's ghost (adept DECj)
 12089 | Lair:2   | Identified the +6 scale mail "Goty" {+Inv rF+ rC++ Str+4}
                  | (Okawaru gifted it to you on level 2 of the Lair of Beasts)
 12168 | Lair:2   | Killed zbzbzb's ghost
 12168 | Lair:2   | Reached XP level 13. HP: 77/113 MP: 6/12
 12687 | Lair:3   | Reached skill level 10 in Dodging
 12743 | Lair:3   | Reached skill level 1 in Invocations
 12807 | Lair:3   | Reached skill level 1 in Shields
 13397 | Lair:4   | Received a gift from Okawaru
 13548 | Lair:4   | Received a gift from Okawaru
 13549 | Lair:4   | Found a staircase to the Snake Pit.
 13698 | Lair:4   | Reached ****** piety under Okawaru
 13811 | Lair:4   | Reached skill level 5 in Invocations
 13912 | Lair:4   | Found a staircase to the Swamp.
 15053 | Lair:5   | Found a dark tunnel.
 15081 | Volcano  | Entered a volcano
 15306 | Volcano  | Found a radiant altar of Vehumet.
 15341 | Volcano  | Noticed a red draconian
 15350 | Volcano  | Killed a red draconian
 15807 | Lair:5   | Received a gift from Okawaru
 16093 | Lair:5   | Found a viscous altar of Jiyva.
 16094 | Lair:5   | Found a staircase to the Slime Pits.
 16244 | Lair:5   | Reached XP level 14. HP: 110/121 MP: 18/20
 16246 | Lair:5   | Reached skill level 10 in Invocations
 16521 | Lair:6   | Entered Level 6 of the Lair of Beasts
 16530 | Lair:6   | Received a gift from Okawaru
 16531 | Lair:6   | Got a smoking broad axe {god gift}
 16578 | Lair:6   | Reached skill level 5 in Shields
 16607 | Lair:6   | Found a gate leading to a gauntlet.
 16633 | Gauntlet | Entered a Gauntlet
 16633 | Gauntlet | Found a transporter.
 16633 | Gauntlet | Found a transporter.
 16633 | Gauntlet | Found a transporter.
 16633 | Gauntlet | Found a transporter.
 16660 | Gauntlet | Identified the +7 broad axe of Okawaru {flame, *Contam
                  | Int+7 Dex+5} (Okawaru gifted it to you on level 6 of the
                  | Lair of Beasts)
 16704 | Gauntlet | Found a transporter.
 16714 | Gauntlet | Found a transporter.
 16718 | Gauntlet | Found a transporter.
 16730 | Gauntlet | Found a transporter.
 16750 | Gauntlet | Found a transporter.
 16755 | Gauntlet | Found a transporter.
 16774 | Gauntlet | Found a transporter.
 16774 | Gauntlet | Found a transporter.
 16961 | Gauntlet | Got a fine wooden ring
 16966 | Gauntlet | Identified the ring "Ijoul" {+Fly rN+ MR- Int+4 SInv} (You
                  | found it in a Gauntlet)
 16997 | Gauntlet | Received a gift from Okawaru
 16998 | Gauntlet | Got a shimmering halberd {god gift}
 17111 | Lair:6   | Paralysed by a hornet for 1 turns
 17528 | Lair:6   | Reached skill level 16 in Axes
 17652 | Lair:6   | Received a gift from Okawaru
 18275 | D:11     | Noticed a frost giant
 18285 | D:11     | Noticed a storm dragon
 18291 | D:11     | Killed a frost giant
 18291 | D:11     | Reached skill level 17 in Axes
 18666 | D:11     | Killed a storm dragon
 18848 | D:11     | Noticed a sphinx
 18862 | D:11     | Killed a sphinx
 18871 | D:11     | Identified the +5 trident "Kegyneshibb" {venom, MP-9 Str+6}
 18871 | D:11     | Identified the amulet of Lihuf {Gourm *Corrode rElec Str+2}
 18881 | D:11     | Identified Buodemoll's Handbook of Burning Attacks
 18885 | D:11     | Identified the Disquisition on Twisted Weightlessness
 19155 | D:11     | Reached XP level 15. HP: 128/128 MP: 21/21
 19326 | D:11     | Received a gift from Okawaru
 20021 | D:12     | Found the +8 arc blade {discharge, rElec}
 20081 | D:12     | Noticed Azrael
 20108 | D:12     | Killed Azrael
 20206 | D:12     | Found a staircase to the Orcish Mines.
 20432 | Orc:1    | Entered Level 1 of the Orcish Mines
 20537 | Orc:2    | Entered Level 2 of the Orcish Mines
 20688 | Orc:2    | Found a staircase to the Elven Halls.
 20998 | Orc:2    | Found Xeythreck's Antique Weapon Boutique.
 20998 | Orc:2    | Found Heemn's Magic Scroll Shop.
 21005 | Orc:2    | Found Lur Axzu's Weapon Boutique.
 21005 | Orc:2    | Found Mujilou's Food Shop.
 21015 | Orc:2    | Bought a scroll of amnesia for 52 gold pieces
 21015 | Orc:2    | Bought a scroll of enchant weapon for 112 gold pieces
 21015 | Orc:2    | Bought a scroll of identify for 30 gold pieces
 21015 | Orc:2    | Bought a scroll of identify for 30 gold pieces
 21015 | Orc:2    | Bought a scroll of identify for 30 gold pieces
 21015 | Orc:2    | Bought a scroll of identify for 30 gold pieces
 21015 | Orc:2    | Bought a scroll of identify for 30 gold pieces
 21015 | Orc:2    | Bought a scroll of remove curse for 45 gold pieces
 21321 | Orc:2    | Found a roughly hewn altar of Beogh.
 22038 | Lair:2   | Identified a scroll of acquirement
 22055 | Lair:2   | Got a pair of ichor-stained boots
 22066 | Lair:2   | Identified the +0 pair of boots "Xevux" {rC+ rN+ MP+9} (You
                  | acquired it on level 2 of the Lair of Beasts)
 22380 | D:13     | Found a viscous altar of Jiyva.
 22399 | D:13     | Found a runed translucent door.
 22748 | D:13     | Received a gift from Okawaru
 22750 | D:13     | Got a pair of faintly glowing gloves {god gift}
 22761 | D:13     | Identified the +0 pair of gloves of Hairiness {rC+ rN+
                  | Dex+3} (Okawaru gifted it to you on level 13 of the
                  | Dungeon)
 22785 | D:13     | Noticed a tentacled monstrosity
 22792 | D:13     | Killed a tentacled monstrosity
 22792 | D:13     | Reached skill level 15 in Fighting
 23153 | D:14     | Noticed Snorg
 23164 | D:14     | Killed Snorg
 23892 | D:14     | Found a gate to the Vaults.
 23899 | D:14     | Reached skill level 10 in Shields
 24240 | D:15     | Entered Level 15 of the Dungeon
 24249 | D:15     | Reached XP level 16. HP: 149/149 MP: 20/22
 24330 | D:15     | Found an ancient bone altar of Kikubaaqudgha.
 25059 | D:15     | Found a staircase to the Depths.
 25534 | Depths:1 | Entered Level 1 of the Depths
 25874 | Depths:1 | Noticed popps's ghost (adept MiBe)
 25883 | Depths:1 | Received a gift from Okawaru
 26203 | Depths:1 | Found a gateway to Hell.
 26540 | Depths:1 | Found a runed translucent gate.
 26540 | Depths:1 | Found a runed translucent gate.
 26540 | Depths:1 | Found a runed translucent gate.
 26642 | Depths:1 | Found a one-way gate leading to the halls of Pandemonium.
 26677 | Depths:1 | Found a gateway to a ziggurat.
 26807 | Depths:1 | Found a shattered altar of Ashenzari.
 27086 | Depths:1 | Received a gift from Okawaru
 27136 | Depths:1 | Killed popps's ghost
 27450 | Depths:1 | Got the ring "Hero's Friend" {Fire}
 27451 | Depths:1 | Identified the ring "Hero's Friend" {Fire *Drain rN+ Dex+4
                  | Stlth+} (You found it on level 1 of the Depths)
 27508 | Depths:2 | Reached skill level 15 in Shields
 27956 | Depths:2 | Found a one-way gate to the infinite horrors of the Abyss.
 28033 | Depths:2 | Received a gift from Okawaru
 28175 | Depths:2 | Received a gift from Okawaru
 28175 | Depths:2 | Reached XP level 17. HP: 133/156 MP: 23/23
 28297 | Depths:2 | Found a shattered altar of Ashenzari.
 28428 | Depths:2 | Reached skill level 15 in Armour
 28916 | Depths:3 | Received a gift from Okawaru
 29654 | Depths:3 | Noticed a golden dragon
 29671 | Depths:3 | Killed a golden dragon
 29682 | Depths:3 | Paralysed by a floating eye for 2 turns
 30116 | Depths:3 | Noticed a lich
 30125 | Depths:3 | Killed a lich
 30125 | Depths:3 | Received a gift from Okawaru
 30388 | Depths:3 | Got a distressingly furry ring mail
 30392 | Depths:3 | Identified the cursed +1 ring mail of Melancholy {rC+
                  | Str+3} (You found it on level 3 of the Depths)
 30769 | Depths:4 | Received a gift from Okawaru
 31082 | Depths:4 | Found Ipiaras's Gadget Shop.
 31104 | Depths:4 | Reached XP level 18. HP: 154/163 MP: 24/24
 31185 | Depths:4 | Found Mivaezagio's Assorted Antiques.
 31189 | Depths:4 | Found Viefinot's Gadget Shop.
 31195 | Depths:4 | Bought 2 scrolls of enchant weapon for 570 gold pieces
 31195 | Depths:4 | Bought a scroll labeled USU OMEAH ESMUSKIO for 38 gold
                  | pieces
 31195 | Depths:4 | Bought a potion of curing for 114 gold pieces
 31195 | Depths:4 | Bought a scroll of teleportation for 114 gold pieces
 31450 | Depths:4 | Noticed a juggernaut
 31738 | Depths:4 | Received a gift from Okawaru
 31743 | Depths:4 | Got a fine chain mail {god gift}
 31782 | Depths:4 | Killed a juggernaut
 32370 | Depths:4 | Identified the +6 chain mail of the Hall of Blades {-Tele
                  | +Inv rN+++ rCorr} (Okawaru gifted it to you on level 4 of
                  | the Depths)
 33052 | Snake:1  | Entered Level 1 of the Snake Pit
 33460 | Snake:1  | Found a runed translucent door.
 33663 | Snake:1  | Received a gift from Okawaru
 33864 | Snake:2  | You fall into a shaft and drop 1 floor!
 33936 | Snake:3  | Found a flickering gateway to a bazaar.
 33945 | Bazaar   | Entered a bazaar
 34202 | Bazaar   | Found Nah Isym's Armour Boutique.
 34220 | Bazaar   | Found Rizieli's Antique Weapon Emporium.
 34252 | Bazaar   | Found Vihiekh's Distillery.
 34269 | Bazaar   | Found Fumial's Book Boutique.
 34313 | Bazaar   | Bought a potion of haste for 110 gold pieces
 34313 | Bazaar   | Bought a potion of curing for 33 gold pieces
 34313 | Bazaar   | Bought a potion of experience for 550 gold pieces
 34313 | Bazaar   | Bought a potion of curing for 33 gold pieces
 34313 | Bazaar   | Bought a potion of curing for 33 gold pieces
 34313 | Bazaar   | Bought a potion of haste for 110 gold pieces
 34313 | Bazaar   | Bought a potion of curing for 33 gold pieces
 34313 | Bazaar   | Reached XP level 19. HP: 170/170 MP: 25/25
 34329 | Bazaar   | Bought a manual of Evocations for 1214 gold pieces
 34429 | Snake:3  | Noticed Aizul
 34442 | Snake:3  | Killed Aizul
 34807 | Snake:3  | Received a gift from Okawaru
 35529 | Snake:3  | Reached XP level 20. HP: 178/178 MP: 26/26
 36464 | Snake:4  | Entered Level 4 of the Snake Pit
 36597 | Snake:4  | Received a gift from Okawaru
 36597 | Snake:4  | Reached skill level 15 in Dodging
 36603 | Snake:4  | Got a brightly glowing buckler {god gift}
 36614 | Snake:4  | Identified the +0 buckler of the Duchess {rElec rF+}
                  | (Okawaru gifted it to you on level 4 of the Snake Pit)
 36816 | Snake:4  | Got a clouded amber ring
 36817 | Snake:4  | Identified the ring of Xoret {rPois MP+9 Dex+5 Slay-3} (You
                  | acquired it on level 4 of the Snake Pit)
 37424 | Snake:4  | Noticed Agnes
 37456 | Snake:4  | Killed Agnes
 37641 | Snake:4  | Received a gift from Okawaru
 37995 | Snake:4  | Got a serpentine rune of Zot
 38425 | Swamp:1  | Entered Level 1 of the Swamp
 38570 | Swamp:1  | Got a smoking scale mail
 40201 | Swamp:2  | Identified the +4 scale mail of Distant Shores {rF+ Regen+}
                  | (You found it on level 1 of the Swamp)
 40807 | Swamp:3  | Received a gift from Okawaru
 41277 | Swamp:3  | Reached XP level 21. HP: 196/200 MP: 27/27
 41761 | Swamp:3  | Reached skill level 1 in Evocations
 41848 | Swamp:3  | Received a gift from Okawaru
 41873 | Swamp:3  | Got a faintly glowing iron ring
 41874 | Swamp:3  | Identified the ring "Hoasof" {+Blink +Fly rF- rN+ MP+9}
                  | (You found it on level 3 of the Swamp)
 42424 | Swamp:4  | Entered Level 4 of the Swamp
 42509 | Swamp:4  | Reached skill level 5 in Evocations
 42791 | Swamp:4  | Got a decaying rune of Zot
 43534 | Depths:5 | Entered Level 5 of the Depths
 43550 | Depths:5 | Paralysed by a great orb of eyes for 3 turns
 43607 | Depths:5 | Received a gift from Okawaru
 43611 | Depths:5 | Reached skill level 10 in Evocations
 43808 | Depths:5 | Found Eliall's Jewellery Shop.
 43808 | Depths:5 | Found Ycena's Gadget Emporium.
 43809 | Depths:5 | Found Rammeg's Gadget Emporium.
 44028 | Depths:5 | Noticed a golden dragon
 44043 | Depths:5 | Killed a golden dragon
 44066 | Depths:5 | Received a gift from Okawaru
 44160 | Depths:4 | Found the +6 Majin-Bo {vamp, Archmagi MP+6 Int+6}
 44645 | Depths:5 | Found a gate to the Realm of Zot.
 45742 | Vaults:1 | Entered Level 1 of the Vaults
 46015 | Vaults:1 | Received a gift from Okawaru
 46131 | Vaults:1 | Identified the +5 spear of Untimely Demise {freeze, Str+5}
 46241 | Vaults:1 | Reached XP level 22. HP: 186/209 MP: 30/30
 47094 | Vaults:2 | Found Kiwol's Weapon Emporium.
 47229 | Vaults:2 | Received a gift from Okawaru
 47326 | Vaults:2 | Got a jewelled battleaxe
 47327 | Vaults:2 | Identified the +6 battleaxe of the Continents {flame, rN+}
                  | (You found it on level 2 of the Vaults)
 47735 | Vaults:2 | Noticed Margery
 47761 | Vaults:2 | Killed Margery
 48391 | Vaults:3 | Found Uhyrha's Jewellery Shop.
 48395 | Vaults:3 | Bought the ring of Posmujiu {rElec rF+ MR+ Str+3} for 763
                  | gold pieces
 48465 | Vaults:3 | Received a gift from Okawaru
 48481 | Vaults:3 | Got a scorched broad axe {god gift}
 48482 | Vaults:3 | Identified the +1 broad axe of Uncertain Death {chop, rPois
                  | Dex+2} (Okawaru gifted it to you on level 3 of the Vaults)
 48853 | Vaults:3 | Noticed Boris
 48872 | Vaults:3 | Killed Boris
 48927 | Vaults:3 | Reached skill level 18 in Axes
 48964 | Vaults:3 | Received a gift from Okawaru
 49083 | Vaults:3 | Found a staircase to the Crypt.
 49535 | Vaults:3 | Reached skill level 19 in Axes
 49538 | Vaults:3 | Reached XP level 23. HP: 160/215 MP: 31/31
 50200 | Vaults:3 | Received a gift from Okawaru
 50554 | Vaults:3 | Paralysed by a floating eye for 3 turns
 50613 | Vaults:3 | Noticed Sojobo
 50643 | Vaults:3 | Killed Sojobo
 50643 | Vaults:3 | Reached skill level 20 in Axes
 51414 | Vaults:4 | Found Kajen's Antique Weapon Emporium.
 51546 | Vaults:4 | Reached skill level 21 in Axes
 51548 | Vaults:4 | Noticed Saint Roka
 51561 | Vaults:4 | Killed Saint Roka
 52518 | Vaults:4 | Received a gift from Okawaru
 52518 | Vaults:4 | Reached skill level 22 in Axes
 52976 | Elf:1    | Entered Level 1 of the Elven Halls
 52994 | Elf:1    | Found Mytihy's General Store.
 53007 | Elf:1    | Bought a potion of curing for 51 gold pieces
 53083 | Elf:1    | Found a frozen archway.
 53089 | IceCv    | Entered an ice cave
 53242 | IceCv    | Received a gift from Okawaru
 53243 | IceCv    | Got a smoking eveningstar {god gift}
 53837 | Elf:1    | Upgraded the game from 0.24-a0-584-g9d6b971 to
                  | 0.24-a0-586-g8e0e932
 53893 | Elf:1    | Identified the Almanac of Battle Magic
 53992 | Elf:1    | Found Woasy's Food Emporium.
 53999 | Elf:1    | Noticed Louise
 54005 | Elf:1    | Killed Louise
 54053 | Elf:1    | Found Ahuedemu's Antique Armour Shop.
 54059 | Elf:1    | Bought a glowing scarf for 328 gold pieces
 54102 | Elf:1    | Found Wyqat's Weapon Shoppe.
 54414 | Elf:1    | Noticed Jorgrun
 54426 | Elf:1    | Killed Jorgrun
 54442 | Elf:1    | Noticed Kirke
 54451 | Elf:1    | Killed Kirke
 54572 | Elf:2    | Reached skill level 23 in Axes
 54999 | Elf:2    | Got a transparent chain mail
 55000 | Elf:2    | Identified the +2 chain mail of Classification {rElec SInv}
                  | (You found it on level 2 of the Elven Halls)
 55052 | Elf:2    | Reached XP level 24. HP: 224/224 MP: 31/31
 55245 | Elf:2    | Found a runed translucent gate.
 55245 | Elf:2    | Found a runed translucent gate.
 55245 | Elf:2    | Found a runed translucent gate.
 56303 | Elf:3    | Entered Level 3 of the Elven Halls
 56303 | Elf:3    | Found Ovothr Isuima's Antique Armour Emporium.
 56309 | Elf:3    | Bought a pair of jewelled boots for 237 gold pieces
 56309 | Elf:3    | Identified the +1 pair of boots of the Slightly Bent {*Slow
                  | rF+++ Int+4 Dex-2} (You bought it in a shop on level 3 of
                  | the Elven Halls)
 56450 | Elf:3    | Reached skill level 24 in Axes
 56452 | Elf:3    | Found Vemiaph's Assorted Antiques.
 56469 | Elf:3    | Bought a potion of heal wounds for 135 gold pieces
 56469 | Elf:3    | Bought 2 potions of mutation for 432 gold pieces
 56488 | Elf:3    | Found Byssaf's Gadget Shop.
 56540 | Elf:3    | Received a gift from Okawaru
 56858 | Elf:3    | Received a gift from Okawaru
 56945 | Elf:3    | Reached skill level 25 in Axes
 57310 | Elf:3    | Got a crude garnet amulet
 57324 | Elf:3    | Found the +4 dagger "Morg" {pain, MR+ Int+5}
 57534 | Elf:3    | Found Bogiumm's Jewellery Emporium.
 57539 | Elf:3    | Bought the ring of Salvation {rF+ MR+ rCorr Int-4} for 499
                  | gold pieces
 58304 | Vaults:5 | Entered Level 5 of the Vaults
 58320 | Vaults:5 | Received a gift from Okawaru
 58367 | Vaults:5 | Reached skill level 26 in Axes
 58382 | Vaults:4 | Received a gift from Okawaru
 58676 | Vaults:5 | Noticed an ancient lich
 58813 | Vaults:5 | Killed an ancient lich
 58813 | Vaults:5 | Reached XP level 25. HP: 174/231 MP: 26/31
 58830 | Vaults:5 | Reached skill level 27 in Axes
 59110 | Vaults:5 | Received a gift from Okawaru
 59125 | Vaults:5 | Received a gift from Okawaru
 59410 | Vaults:5 | Identified the Catalogue of Glacial Execration
 59458 | Vaults:5 | Noticed an ancient lich
 59482 | Vaults:5 | Killed an ancient lich
 59636 | Vaults:5 | Identified Pijal's Catalogue of Ghastly Hexes
 59643 | Vaults:5 | Got a silver rune of Zot
 59695 | Vaults:5 | Found Ossiem's Magic Scroll Boutique.
 59700 | Vaults:5 | Bought a scroll of enchant armour for 105 gold pieces
 59700 | Vaults:5 | Bought a scroll of magic mapping for 49 gold pieces
 60029 | Vaults:5 | Found Xofyidom's Magic Scroll Shoppe.
 60034 | Vaults:5 | Bought a scroll of blinking for 120 gold pieces
 60034 | Vaults:5 | Bought a scroll of teleportation for 48 gold pieces
 60090 | Vaults:5 | Found Gaus Vin's Magic Scroll Boutique.
 60111 | Vaults:5 | Found Xablizao's Food Emporium.
 60960 | Lair:2   | Identified the amulet of Gewaok {Acrobat MR+} (You found it
                  | on level 3 of the Elven Halls)
 61069 | Slime:1  | Entered Level 1 of the Pits of Slime
 61236 | Slime:2  | Received a gift from Okawaru
 61382 | Slime:2  | Gained mutation: You tend to lose your temper in combat. [a
                  | shining eye]
 61411 | Slime:3  | Gained mutation: You are weak. (Str -2) [a shining eye]
 61634 | Slime:5  | Entered Level 5 of the Pits of Slime
 62207 | Slime:5  | Found a viscous altar of Jiyva.
 62450 | Slime:4  | Noticed Dissolution
 62460 | Slime:4  | Killed Dissolution
 62460 | Slime:4  | Reached XP level 26. HP: 193/239 MP: 27/31
 62470 | Slime:4  | Gained mutation: You are partially covered in molten
                  | scales. (AC +2) [a shining eye]
 62707 | Slime:5  | Noticed the Royal Jelly
 62732 | Slime:5  | Killed the Royal Jelly
 62739 | Slime:5  | Mangled by an acid blob

Levels and vault maps discovered:
D:1:      wheals_arrival_linesprint, layout_basic
D:2:      layout_basic, first_ration
D:3:      layout_loops_cross, gammafunk_ghost_necromancy, uniq_grinder,
          uniq_ijyb
D:4:      minmay_spotlight, layout_loops_ring, led_sif_book
D:5:      layout_loops_ring, minmay_misc_feat_hallway, st_stairs_5,
          uniq_blork_the_orc
D:6:      layout_basic, nicolae_qazlal_style_of_elements, minivault_1,
          kb_lookout_dungeons_type, fedhas_altar_1
D:7:      layout_loops_corners, minmay_temple_entry_mini_moons, serial_undead,
          serial_undead_c, serial_undead_c, serial_undead_c, serial_undead_e,
          basic_altar, serial_shops, shop_statue
D:8:      layout_basic, uniq_maurice
D:9:      layout_basic
D:10:     minmay_the_grid_octo_tiled_squarecenter
          [minmay_the_grid_octo_checkered, minmay_the_grid_octo_vomiting_pacman,
          minmay_the_grid_octo_toaster, minmay_the_grid_octo_clover_2,
          minmay_the_grid_square_5x5_megaprize_diamond,
          minmay_the_grid_square_5x5_inner_i,
          minmay_the_grid_square_5x5_checkered_statues,
          minmay_the_grid_square_5x5_shrine1, minmay_the_grid_square_5x5_empty],
          layout_stronghold, erik_lair_orcish_takeover,
          nicolae_trove_entry_crossroad, biasface_ghost_orc_armoury,
          hangedman_ranch [blue_anna_fruit_fields], minmay_misc_feat_ornament,
          st_stairs_14
D:11:     minmay_complete_graph, layout_irregular_city
D:12:     minmay_shoctagon, layout_rooms, uniq_azrael
D:13:     cheibrodos_body_horror, layout_cave_pools, jiyva_altar_1
D:14:     layout_loops_ring, erik_vaults_1, grunt_decor_arrowhead, minivault_16,
          hangedman_abyss_or_decor_stagger, uniq_snorg
D:15:     grunt_enter_depths_hoard, layout_irregular_city, lemuel_tele_altar,
          serial_co_window_serial, co_window_cross_1,
          co_window_of_opportunity_a, co_window_paths_b, co_window_corner_a,
          co_window_paths_a, co_window_corner_b, co_window_unsneaky_path_c,
          co_window_paths_c, co_window_2corner, co_window_2corner,
          co_window_cross_2, glass_columns_a, glass_columns_a, glass_columns_b,
          glass_columns_a, glass_columns_c, minmay_misc_feat_more_columns
Temple:   minmay_crystal_snake_temple
Lair:1:   layout_chaotic_city, grunt_megastairs_4
Lair:2:   layout_cave_pods, gammafunk_ghost_hive, gammafunk_lair_bear_cave
Lair:3:   layout_gridlike, roderic_carrion_pond
Lair:4:   layout_misc_corridors, palyth_hydra_swamp_entry,
          minmay_snake_entry_six_corridors, minmay_lindwurm_lava
Lair:5:   layout_regular_city, slime_altar_1, nicolae_volcano_entry_batcave,
          kennysheep_abandoned_house, grunt_megastairs_2, lemuel_fruit_tree
Lair:6:   gammafunk_lair_ancient_temple, layout_gridlike,
          gauntlet_entry_generic, serial_bayou_ford_a
Swamp:1:  layout_falls_marsh, evilmike_swamp_ruin_house_3, swamp_pool2,
          nicolae_swamp_round_clearing
Swamp:2:  layout_basic_swamp, evilmike_swamp_ruin_house_6
Swamp:3:  cheibrodos_swamp_mausoleum, layout_basic_swamp,
          evilmike_swamp_ruin_house_1
Swamp:4:  swamp, layout_basic_swamp, swamp_pool5
Snake:1:  layout_gridlike, lightli_airlock
Snake:2:  layout_gridlike
Snake:3:  layout_cave_shapes, serial_shops, bzr_entry_lakeside, uniq_aizul
Snake:4:  snake_pit_salamanders_mu, layout_rooms, st_stairs_1, uniq_agnes
Slime:1:  layout_caves
Slime:2:  layout_caves
Slime:3:  cheibrodos_slime_lost_civilization_10, layout_caves,
          nicolae_slime_barrier
Slime:4:  layout_caves, uniq_dissolution
Slime:5
Orc:1:    layout_diamond_mine, serial_shops
Orc:2:    st_orc_mages, layout_caves, minmay_orc_temple_c
Elf:1:    eino_elf_arrival_sip, layout_geoelf_grid,
          portal_ice_cave_entry_pillars_three, serial_shops, shop, shop, shop,
          nicolae_shop_crystal, minmay_elf_annihilation,
          small_statue_intersection, uniq_louise, uniq_kirke, uniq_jorgrun
Elf:2:    layout_loops_corners, minivault_5
Elf:3:    minmay_elf_hall_four_x, layout_rooms, serial_shops,
          nicolae_shop_overgrown_old_shop, shop, nicolae_shop_waterfront, shop
Vaults:1: nicolae_vaults_little_squares_3, ontoclasm_vaults_loading_screen,
          v_rooms_1, nicolae_vaults_puzzle_piece, v_misc_5,
          ontoclasm_vaults_gateway, ontoclasm_vaults_idyll,
          hangedman_vaults_stretched_pinwheel, vaults_dpeg_diagonal,
          ontoclasm_vaults_ligature, v_misc_28, v_alt_pattern_2,
          layout_vaults_omnibox
Vaults:2: v_misc_29, v_misc_3, grunt_vaults_diagonal, st_cross,
          ontoclasm_vaults_decontamination, vaults_dpeg_encased_lava,
          layout_vaults_quadrants, serial_shops, shop_fountains, uniq_margery
Vaults:3: minmay_crypt_entry_simple_round, nicolae_vaults_triangles,
          st_spiral_rooms, ontoclasm_vaults_hangar, hangedman_vaults_capsules,
          grunt_vaults_swirl, nicolae_vaults_rhombus_7, vaults_mumra_hex,
          v_pattern_5, nicolae_vaults_circle_grid_a,
          vaults_standard_mumra_lines, layout_vaults_ring, serial_shops, shop,
          uniq_boris, uniq_xtahua, uniq_sojobo
Vaults:4: nicolae_vaults_alarming, st_lattice, grunt_vaults_twisty,
          nicolae_vaults_little_squares_5, hangedman_vaults_stretched_pinwheel,
          nicolae_vaults_border_crossing, nicolae_vaults_little_squares_2,
          hangedman_vaults_impose, v_misc_32, vaults_room_stairs_pillars,
          layout_vaults_omnicross, serial_shops, shop_fountains, uniq_saint_roka
Vaults:5: serial_shops
Depths:1: layout_gridlike, enter_ziggurat_c, gammafunk_ghost_icy, pan_entry,
          hangedman_decor_points, hell_entry, lemuel_statue_altar,
          serial_bayou_shore_b
Depths:2: minmay_mutant_horseshoe, layout_long_grid, grunt_mini_vestibule,
          abyss_entry, rand_demon_pan_entry_8, evilmike_ruin_ashenzari,
          nicolae_two_hexagons, infiniplex_staircase_trident
Depths:3: kennysheep_large_spiral, layout_cave_pools, kennysheep_doodads,
          abyss_entry, pan_entry, hell_entry
Depths:4: minmay_bloctagon, layout_cave_pools, minmay_misc_feat_encased,
          hell_entry, abyss_entry, serial_bayou_shore_a,
          infiniplex_staircase_spiral, minmay_shop_star, firewood_loft
Depths:5: grunt_zot_entry_gee_three, layout_cave_shapes, hell_entry,
          rand_demon_pan_entry_7, abyss_entry, minmay_misc_feat_doors,
          minmay_shop_grove

Skill      XL: |  1  2  3  4  5  6  7  8  9 10 11 12 13 14 15 16 17 18 19 20 21 22 23 24 25 26 |
---------------+-------------------------------------------------------------------------------+-----
Polearms       | 4 5 7 8 9 10 | 10.3
Fighting       | 5 10 15 19 20 | 20.0
Axes           | 2 10 14 15 17 19 23 26 27 | 27.0
Armour         | 8 12 14 19 21 24 25 | 25.4
Dodging        | 6 9 10 13 14 15 16 20 | 20.1
Invocations    | 9 10 | 10.3
Shields        | 4 8 10 15 | 15.0
Evocations     | 12 | 12.0
Throwing       | |  2.0

Action                   |  1- 3 |  4- 6 |  7- 9 | 10-12 | 13-15 | 16-18 | 19-21 | 22-24 | 25-27 || total
-------------------------+-------+-------+-------+-------+-------+-------+-------+-------+-------++-------
Melee: Trident           |    17 |       |   164 |     4 |       |       |       |       |       ||   185
       Headbutt          |    14 |    10 |    63 |   114 |   343 |   381 |   456 |   575 |   146 ||  2102
       Hand axe          |    73 |    67 |    22 |    31 |    10 |       |       |       |       ||   203
       War axe           |       |       |   117 |   419 |   330 |       |       |       |       ||   866
       Broad axe         |       |       |       |       |   775 |   973 |  1295 |  1331 |       ||  4374
       Executioner's axe |       |       |       |       |       |       |       |   229 |   397 ||   626
Throw: Throwing net      |     2 |     1 |     1 |     1 |       |       |       |       |       ||     5
       Dart              |       |       |    15 |    11 |    14 |     6 |       |       |       ||    46
       Javelin           |       |       |       |    16 |     5 |       |       |       |       ||    21
Invok: Heroism           |       |       |       |    18 |    30 |    26 |    30 |    30 |    12 ||   146
       Finesse           |       |       |       |     1 |     8 |    18 |    22 |    29 |    10 ||    88
 Abil: Evoke Flight      |       |       |     1 |       |     3 |       |    13 |     4 |       ||    21
       Stop Flying       |       |       |     1 |       |       |       |       |     1 |       ||     2
       Evoke Berserk Rag |       |       |     1 |       |       |       |       |       |       ||     1
Evoke: Wand              |       |     6 |       |       |    13 |     1 |     8 |     4 |       ||    32
       Phantom mirror    |       |       |       |       |       |       |       |     1 |       ||     1
  Use: Scroll            |     6 |     5 |     3 |     7 |    16 |    14 |     6 |    18 |     2 ||    77
       Potion            |       |     1 |       |     3 |       |     4 |     2 |     3 |     1 ||    14
 Stab: Held in net/web   |     1 |       |       |     1 |       |       |       |       |       ||     2
       Invisible         |       |       |     6 |       |       |       |       |       |       ||     6
       Sleeping          |       |       |     1 |     1 |       |       |       |       |       ||     2
       Distracted        |       |       |       |     1 |       |       |       |     2 |       ||     3
       Petrified         |       |       |       |       |     4 |       |       |       |       ||     4
       Confused          |       |       |       |       |     5 |     1 |     2 |       |       ||     8
  Eat: Chunk             |     1 |     4 |    16 |    19 |    30 |    16 |     9 |    23 |     4 ||   122
       Ration            |       |       |       |       |     3 |     5 |     9 |     6 |     2 ||    25
Armor: Leather armour    |    13 |       |       |       |       |       |       |       |       ||    13
       Scale mail        |     2 |     7 |       |    10 |    10 |       |       |       |       ||    29
       Ring mail         |       |     5 |       |     3 |       |       |       |       |       ||     8
       Troll leather arm |       |     4 |    53 |    69 |       |       |       |       |       ||   126
       Plate armour      |       |       |       |    85 |   364 |   174 |   269 |   219 |    83 ||  1194
Dodge: Dodged            |    49 |    47 |   148 |   199 |   405 |   313 |   845 |   857 |   303 ||  3166
       Deflected         |       |       |       |       |     8 |    44 |    53 |    55 |    21 ||   181
Block: Buckler           |       |       |       |    53 |    50 |       |   474 |   376 |       ||   953
       Shield            |       |       |       |       |   483 |   522 |   108 |       |       ||  1113

Table legend:
 A = Non-vault XP
 B = Vault XP
 C = Vault XP percentage of total XP
 D = Non-vault monster count
 E = Vault monster count
 F = Vault count percentage of total count
                 A         B        C        D         E       F
            +---------+---------+-------+---------+---------+-------
      Total |  566046 |  684640 |  54.7 |    1322 |     958 |  42.0
            +---------+---------+-------+---------+---------+-------
        D:1 |      47 |       0 |   0.0 |      22 |       0 |   0.0
        D:2 |     175 |       0 |   0.0 |      23 |       0 |   0.0
        D:3 |      60 |     470 |  88.7 |      20 |       6 |  23.1
        D:4 |     261 |      74 |  22.1 |       9 |       3 |  25.0
        D:5 |     314 |     187 |  37.3 |      15 |       5 |  25.0
        D:6 |    1230 |     110 |   8.2 |      32 |       1 |   3.0
        D:7 |     995 |     199 |  16.7 |      27 |       3 |  10.0
        D:8 |    1860 |     472 |  20.2 |      22 |       1 |   4.3
        D:9 |    2227 |       0 |   0.0 |      19 |       0 |   0.0
       D:10 |    3096 |   12322 |  79.9 |      21 |      55 |  72.4
       D:11 |    4219 |   15409 |  78.5 |      39 |      33 |  45.8
       D:12 |    6426 |    3676 |  36.4 |      40 |      12 |  23.1
       D:13 |    4198 |    8805 |  67.7 |      31 |      17 |  35.4
       D:14 |    9426 |    3038 |  24.4 |      40 |       3 |   7.0
       D:15 |   10179 |    2069 |  16.9 |      33 |       2 |   5.7
     Lair:1 |    4406 |    1223 |  21.7 |      21 |       5 |  19.2
     Lair:2 |    6122 |    3641 |  37.3 |      29 |      13 |  31.0
     Lair:3 |    2432 |     370 |  13.2 |      11 |       3 |  21.4
     Lair:4 |    3548 |    6425 |  64.4 |      14 |      27 |  65.9
     Lair:5 |   12157 |    1371 |  10.1 |      39 |      19 |  32.8
     Lair:6 |    6095 |    9710 |  61.4 |      24 |      26 |  52.0
    Swamp:1 |   10781 |       0 |   0.0 |      19 |       0 |   0.0
    Swamp:2 |   15983 |       0 |   0.0 |      41 |       0 |   0.0
    Swamp:3 |   16402 |   12330 |  42.9 |      37 |      38 |  50.7
    Swamp:4 |    4501 |   18308 |  80.3 |      12 |      28 |  70.0
    Snake:1 |   11938 |    6283 |  34.5 |      24 |      11 |  31.4
    Snake:2 |    7088 |       0 |   0.0 |      15 |       0 |   0.0
    Snake:3 |   26671 |    1684 |   5.9 |      48 |       1 |   2.0
    Snake:4 |   15502 |   50879 |  76.6 |      31 |      69 |  69.0
    Slime:1 |    1289 |       0 |   0.0 |       4 |       0 |   0.0
    Slime:2 |   20267 |       0 |   0.0 |      24 |       0 |   0.0
    Slime:3 |    2452 |       0 |   0.0 |       2 |       0 |   0.0
    Slime:4 |   16533 |   13294 |  44.6 |      18 |       1 |   5.3
    Slime:5 |    6992 |   31525 |  81.8 |      16 |      15 |  48.4
      Orc:1 |     187 |       0 |   0.0 |       3 |       0 |   0.0
      Orc:2 |    2033 |    7964 |  79.7 |      29 |      77 |  72.6
      Elf:1 |    8356 |   13170 |  61.2 |      14 |      15 |  51.7
      Elf:2 |   13150 |   23144 |  63.8 |      22 |      28 |  56.0
      Elf:3 |    9782 |   51108 |  83.9 |      15 |      35 |  70.0
   Vaults:1 |   24997 |   11642 |  31.8 |      49 |      31 |  38.8
   Vaults:2 |   23157 |   30114 |  56.5 |      51 |      33 |  39.3
   Vaults:3 |   48193 |   55960 |  53.7 |      69 |      58 |  45.7
   Vaults:4 |   42114 |   42176 |  50.0 |      57 |      42 |  42.4
   Vaults:5 |   28273 |  136352 |  82.8 |      43 |      90 |  67.7
   Depths:1 |   14759 |   12571 |  46.0 |      17 |      18 |  51.4
   Depths:2 |   20910 |    8948 |  30.0 |      26 |      10 |  27.8
   Depths:3 |   37134 |   21256 |  36.4 |      44 |      11 |  20.0
   Depths:4 |   25606 |   26627 |  51.0 |      33 |      16 |  32.7
   Depths:5 |   31523 |   23645 |  42.9 |      28 |      22 |  44.0
      IceCv |       0 |    8561 | 100.0 |       0 |      50 | 100.0
    Volcano |       0 |    3632 | 100.0 |       0 |      14 | 100.0
   Gauntlet |       0 |    3896 | 100.0 |       0 |      11 | 100.0
            +---------+---------+-------+---------+---------+-------
